 Dungeon Crawl Stone Soup version 0.25.0-1-g7eea58d2a3 (webtiles) character file.

Game seed: 4142216215786983012

184 theswoord the Slasher (level 5, -1/38 HPs)
             Began as a Demonspawn Gladiator on June 14, 2020.
             Slain by a gnoll
             ... wielding a +0 spear
              (8 damage)
             ... on level 3 of the Dungeon.
             The game lasted 00:01:51 (2295 turns).

theswoord the Slasher (Demonspawn Gladiator)        Turns: 2295, Time: 00:01:52

Health: -1/38      AC:  7    Str: 14    XL:     5   Next: 36%
Magic:  5/5        EV: 12    Int: 10    God:
Gold:   141        SH:  4    Dex: 15    Spells: 4/4 levels left

rFire    . . .     SeeInvis .   a - +0 long sword
rCold    . . .     Gourm    .   (no shield)
rNeg     . . .     Faith    .   b - +0 leather armour
rPois    .         Spirit   .   (helmet restricted)
rElec    .         Reflect  .   (no cloak)
rCorr    .         Harm     .   (no gloves)
MR       .....                  (no boots)
Stlth    +.........             (no amulet)
HPRegen  0.12/turn              l - +4 ring of protection
MPRegen  0.09/turn              (no ring)

@: no status effects
A: antennae 1, large bone plates 1
a: no special abilities


You were on level 3 of the Dungeon.
You were not hungry.

You visited 1 branch of the dungeon, and saw 3 of its levels.

You collected 141 gold pieces.

Inventory:

Hand Weapons
 a - a +0 long sword (weapon)
Missiles
 d - 3 throwing nets (quivered)
Armour
 b - a +0 leather armour (worn)
 c - a +0 helmet
Jewellery
 l - a +4 ring of protection (left hand)
Scrolls
 e - a scroll of noise {unknown}
 g - 2 scrolls of amnesia {unknown}
 i - 5 scrolls of teleportation {unknown}
 j - a scroll of magic mapping {unknown}
 n - 3 scrolls of identify {unknown}
Potions
 h - 2 potions of curing {unknown}
 k - a potion of lignification {unknown}
 m - 2 potions of cancellation {unknown}
 o - a potion of ambrosia {unknown}
 p - 2 potions of resistance {unknown}
 r - a potion of flight {unknown}
 s - a potion of invisibility {unknown}
Comestibles
 f - 5 rations
 q - 7 chunks of flesh


   Skills:
 - Level 2.0 Fighting
 + Level 5.6 Long Blades
 - Level 1.7 Throwing
 - Level 2.6 Dodging


You had 4 spell levels left.
You didn't know any spells.
Your spell library contained the following spells:

 Spells                   Type           Power        Failure   Level  Hunger
 Confusing Touch          Hex            #.......     82%         3    ####...
 Gell's Gravitas          Tloc           #.........   82%         3    ####...
 Petrify                  Tmut/Erth      #.......     99%         4    #####..
 Metabolic Englaciation   Hex/Ice        #.........   100%        5    ######.
 Yara's Violent Unravell  Hex/Tmut       #.........   100%        5    ######.


Dungeon Overview and Level Annotations

Branches:
Dungeon (3/15)

Altars:
Cheibriados


Innate Abilities, Weirdness & Mutations

You have a pair of small antennae on your head.
You are partially covered in large bone plates. (SH +4)


Message History

* * * LOW HITPOINT WARNING * * *
The gnoll closely misses you.
You hit the gnoll but do no damage.
The gnoll is almost dead.
The orc hits you but does no damage. You block the gnoll's attack.
The gnoll closely misses you.
You hit the gnoll.
You kill the gnoll!
The orc closely misses you. The gnoll closely misses you.
You slash the orc!
The orc is almost dead.
The orc hits you but does no damage. The gnoll barely misses you.
You closely miss the orc.
The orc is almost dead.
You block the orc's attack. The gnoll closely misses you.
You hit the orc.
You kill the orc!
You block the gnoll's attack. The gnoll hits you with a +0 spear!
You die...

###############
#.....))g......
#. #...@.....#
#. #.#######...
#.##)# #.##.#
#.##.# #.##.#
#..(.# #..###
#..##


You could see a gnoll.

Vanquished Creatures
  2 orc priests (D:3)
  A worker ant (D:3)
  2 gnolls (D:3)
  2 adders (D:3)
  2 worms (D:3)
  2 dart slugs
  7 orcs (D:3)
  3 giant cockroaches
  7 goblins
  3 hobgoblins
  A quokka (D:3)
  5 bats
  6 frilled lizards
  5 kobolds
  5 rats
53 creatures vanquished.

Notes
Turn   | Place    | Note
-------+----------+-------------------------------------------
     0 | D:1      | theswoord the Demonspawn Gladiator began the quest for the
                  | Orb.
     0 | D:1      | Reached XP level 1. HP: 16/16 MP: 1/1
   259 | D:1      | Reached skill level 3 in Long Blades
   469 | D:1      | Gained mutation: You are partially covered in large bone
                  | plates. (SH +4) [demonic ancestry]
   469 | D:1      | Reached XP level 2. HP: 22/22 MP: 2/2
  1523 | D:2      | Found a snail-covered altar of Cheibriados.
  1570 | D:3      | Reached XP level 3. HP: 27/27 MP: 3/3
  1580 | D:3      | Reached skill level 4 in Long Blades
  1581 | D:3      | Reached XP level 4. HP: 33/33 MP: 4/4
  1999 | D:3      | Reached skill level 5 in Long Blades
  2102 | D:3      | Gained mutation: You have a pair of small antennae on your
                  | head. [demonic ancestry]
  2102 | D:3      | Reached XP level 5. HP: 30/38 MP: 5/5
  2295 | D:3      | Slain by a gnoll

Skill      XL: |  1  2  3  4 |
---------------+-------------+-----
Long Blades    | 3 4 5 |  5.6
Fighting       | |  2.0
Throwing       | |  1.7
Dodging        | |  2.6

Action                   |  1- 3 |  4- 6 || total
-------------------------+-------+-------++-------
Melee: Long sword        |    90 |    89 ||   179
 Stab: Sleeping          |     1 |       ||     1
  Eat: Ration            |     1 |       ||     1
       Chunk             |       |     1 ||     1
Armor: Leather armour    |    29 |    33 ||    62
Dodge: Dodged            |    59 |    75 ||   134
Block: Other             |     9 |    17 ||    26
       Rpst.: Long sword |    15 |    27 ||    42

Levels and vault maps discovered:
D:1:      mrwooster_arrival_statue_3, layout_basic
D:2:      layout_basic, lemuel_crystal_altar, ashenzari_altar_1, uniq_jessica
D:3:      layout_loops_ring, first_ration
